 Dungeon Crawl Stone Soup version 0.19-a0-503-g45a6586 (webtiles) character file.

91 Foomius the Grave Robber (level 4, -2/30 HPs)
             Began as a Demonspawn Necromancer on June 5, 2016.
             Slain by Xiguana's ghost (6 damage)
             ... on level 4 of the Dungeon.
             The game lasted 00:14:47 (2950 turns).

Foomius the Grave Robber (Demonspawn Necromancer)   Turns: 2950, Time: 00:14:48

Health: -2/30      AC:  4    Str:  9    XL:     4   Next: 34%
Magic:  5/8        EV: 17    Int: 17    God:
Gold:   166        SH:  0    Dex: 18    Spells: 3 memorised, 2 levels left

rFire  + . .     SeeInvis .     F - +0 morningstar (venom)
rCold  . . .     Gourm    .     m - -1 leather armour (curse)
rNeg   . . .     Faith    .     (no shield)
rPois  .         Spirit   .     B - +0 helmet
rElec  .         Dismiss  .     u - +0 cloak
rCorr  .         Reflect  .     (no gloves)
SustAt .         Harm     .     (no boots)
MR     .....                    (no amulet)
Stlth  ++++......               (no ring)
                                d - ring of stealth

@: agile, regenerating, not resistant to hostile enchantments, stealthy
A: fire resistance 1, spiny 1
a: no special abilities


You were on level 4 of the Dungeon.
You were near starving.

You visited 1 branch of the dungeon, and saw 4 of its levels.

You collected 166 gold pieces.

Inventory:

Hand Weapons
 a - a +2 dagger of venom
 b - a +0 mace
 C - a +0 falchion
 F - a +0 morningstar of venom (weapon)
Missiles
 e - a throwing net
 w - 21 stones (quivered)
Armour
 h - a +0 robe
 m - a cursed -1 leather armour (worn)
 u - a +0 cloak (worn)
 B - a +0 helmet (worn)
Jewellery
 d - a ring of stealth (left hand)
Wands
 D - a wand of flame (28/48)
Scrolls
 f - 2 scrolls of noise {unknown}
 j - 3 scrolls of teleportation
 k - a scroll of fear {unknown}
 l - a scroll of blinking {unknown}
 p - a scroll of identify {unknown}
 t - 2 scrolls of random uselessness {unknown}
 y - a scroll of immolation {unknown}
 A - 2 scrolls of amnesia {unknown}
 E - a scroll of fog {unknown}
Potions
 i - a potion of flight {unknown}
 o - a potion of agility
 r - 2 potions of heal wounds {unknown}
 s - a potion of haste {unknown}
 v - a potion of curing
 x - a potion of degeneration {unknown}
 z - a potion of brilliance {unknown}
Books
 n - a book of Necromancy

   Spells                             Type                      Level
   a - Pain                           Necromancy                   1
   b - Animate Skeleton               Necromancy                   1
   c - Vampiric Draining              Necromancy                   3
   d - Regeneration                   Charms/Necromancy            3
   e - Animate Dead                   Necromancy                   4
   f - Control Undead                 Necromancy                   4
Comestibles
 c - 2 bread rations
 q - 2 meat rations


   Skills:
 + Level 2.2 Dodging
 - Level 1.7 Stealth
 - Level 3.1 Spellcasting
 + Level 0.8 Charms
 + Level 5.2 Necromancy


You had 2 spell levels left.
You knew the following spells:

 Your Spells              Type           Power        Failure   Level  Hunger
a - Pain                  Necr           ###.         3%          1    None
g - Regeneration          Chrm/Necr      ##........   24%         3    ###....
v - Vampiric Draining     Necr           ###.......   12%         3    ###....


Dungeon Overview and Level Annotations

Branches:
Dungeon (4/15)
 Temple: D:4-7

Altars:
Xom

Annotations:
D:3 Grinder; tyrsky's ghost, weakling FeVM
D:4 Xiguana's ghost, amateur VSMo


Innate Abilities, Weirdness & Mutations

Your flesh is heat resistant. (rF+)
You are partially covered in sharp spines.


Message History

Xiguana's ghost is struck by your spines.
Xiguana's ghost closely misses you. Xiguana's ghost completely misses you.
You completely miss Xiguana's ghost.
Xiguana's ghost is almost destroyed.
Xiguana's ghost hits you!
It was a potion of magic.
Magic courses through your body.
Xiguana's ghost is struck by your spines.
Xiguana's ghost barely misses you.
Casting: Regeneration
Confirm with . or Enter, or press ? or * to list all spells.
Your skin crawls.
You are near starving!
Xiguana's ghost is struck by your spines.
Xiguana's ghost hits you.
You closely miss Xiguana's ghost.
Xiguana's ghost is almost destroyed.
Xiguana's ghost hits you!
* * * LOW HITPOINT WARNING * * *
Xiguana's ghost hits you.
You die...

# #.# #.# #..#.....#.#
###.# #.# ##...##'...#
....# #.# #### #...##
##### #.# #..## #
####.###########.####
#
#........#..........##
#
#.##.###.#.###.......#
# #.###.#.##........#
#.......@W.#...(..#
#####.#.##..........
#.#.......#######
#.######### ..# ###


You could see Xiguana's ghost.

Vanquished Creatures
  An adder (D:2)
  5 worms
  2 dart slugs (D:1)
  2 giant geckos
  2 orcs (D:3)
  3 giant cockroaches
  9 goblins
  5 hobgoblins
  8 jackals (D:1)
  4 kobolds
  A quokka (D:2)
  A ball python (D:2)
  6 bats
  2 giant newts
  5 rats
56 creatures vanquished.

Vanquished Creatures (others)
  A worker ant (D:4)
  A dart slug (D:4)
2 creatures vanquished.

Grand Total: 58 creatures vanquished

Notes
Turn   | Place    | Note
--------------------------------------------------------------
     0 | D:1      | Foomius the Demonspawn Necromancer began the quest for the Orb.
     0 | D:1      | Reached XP level 1. HP: 13/13 MP: 3/3
   336 | D:1      | Gained mutation: You are partially covered in sharp spines. [demonic ancestry]
   336 | D:1      | Reached XP level 2. HP: 18/19 MP: 1/5
   724 | D:1      | Gained mutation: Your flesh is heat resistant. (rF+) [demonic ancestry]
   724 | D:1      | Reached XP level 3. HP: 15/24 MP: 5/7
   729 | D:1      | Learned a level 3 spell: Vampiric Draining
  1084 | D:1      | Learned a level 3 spell: Regeneration
  1466 | D:2      | Reached skill level 5 in Necromancy
  1912 | D:2      | Reached XP level 4. HP: 30/30 MP: 6/8
  2480 | D:3      | Found a shimmering altar of Xom.
  2483 | D:3      | Noticed tyrsky's ghost (weakling FeVM)
  2505 | D:3      | Found a faded altar of an unknown god.
  2756 | D:3      | Noticed Grinder
  2925 | D:4      | Noticed Xiguana's ghost (amateur VSMo)
  2950 | D:4      | Slain by Xiguana's ghost

Vault maps used:
D:1:      zelgadis_glass_arrival_small, patterned_corridor
D:2:      minmay_quantized
D:3:      lemuel_crystal_altar, ecumenical_altar_2, uniq_grinder
D:4:      lemuel_crystal_altar, minmay_temple_entry_from_below_a,
          enter_ossuary_1, minmay_misc_feat_five, xom_confusion_cloud

Skill      XL: |  1  2  3  4 |
---------------+-------------+-----
Spellcasting   | 3 |  3.1
Necromancy     | 5 |  5.2
Dodging        | 2 |  2.2
Stealth        | |  1.7
Charms         | |  0.8

Action                   |  1- 3 |  4- 6 || total
-------------------------+-------+-------++-------
Melee: Unarmed           |     1 |       ||     1
       Dagger            |    30 |    11 ||    41
       Morningstar       |       |     7 ||     7
Throw: Stone             |    14 |     7 ||    21
       Throwing net      |     2 |       ||     2
 Cast: Pain              |    49 |    17 ||    66
       Regeneration      |       |     1 ||     1
  Use: Potion            |       |     2 ||     2
       Scroll            |       |     1 ||     1
 Stab: Sleeping          |     4 |     1 ||     5
  Eat: Chunk             |     3 |     2 ||     5
Armor: Robe              |     1 |       ||     1
       Leather armour    |     2 |       ||     2
Dodge: Dodged            |    11 |    10 ||    21
